 Dungeon Sprint DCSS version 0.27-a0-92-g39ad13b146 (webtiles) character file.

Game seed: 17563005512386006771

182 mhtbhm the Geomancer (level 5, -1/28 HPs)
             Began as a Deep Elf Earth Elementalist on Jan 16, 2021.
             Was an Initiate of Vehumet.
             Killed from afar by a deep elf mage (29 damage)
             ... with a bolt of magma
             ... in the Dungeon (Sprint III: "The Ten Rune Challenge").
             The game lasted 00:02:20 (516 turns).

mhtbhm the Geomancer (Deep Elf Earth Elementalist)   Turns: 516, Time: 00:02:21

Health: -1/28      AC:  4    Str:  3    XL:     5   Next: 35%
Magic:  3/18       EV: 14    Int: 21    God:    Vehumet [......]
Gold:   13         SH:  0    Dex: 15    Spells: 3/21 levels left

rFire    . . .     SeeInvis .   o - +3 dagger (protect)
rCold    . . .     Faith    .   (no shield)
rNeg     . . .     Spirit   .   c - +0 robe
rPois    .         Reflect  .   (helmet restricted)
rElec    .         Harm     .   (no cloak)
rCorr    .         Rampage  .   (no gloves)
Will     .....     Clarity  +   (no boots) Stlth +++.......NoTele +
                                (no amulet)
HPRegen  0.09/turn              (no ring)
MPRegen  0.16/turn              (no ring)

@: very slightly contaminated
A: horns 1, slimy green scales 1, clarity, weak 1, sturdy frame 1
a: Renounce Religion


You were in the Dungeon.
You worshipped Vehumet.
Vehumet was noncommittal.
You visited 1 branch You collected 13 gold pieces.

Inventory:

Hand Weapons
 o - a +3 dagger of protection (weapon)
Missiles
 b - 5 stones
Armour
 c - a +0 robe (worn)
Scrolls
 a - 2 scrolls of identify {unknown}
 i - a scroll of blinking
 j - a scroll of torment {unknown}
 k - 4 scrolls of remove curse
 m - a scroll of immolation {unknown}
Potions
 d - a potion of curing
 e - a potion of heal wounds
 f - a potion of haste
 g - 2 potions of magic
 h - a potion of berserk rage
 l - 2 potions of flight
 n - a potion of mutation


   Skills:
 + Level 4.2 Dodging
 + Level 4.3 Stealth
 + Level 8.8 Spellcasting
 + Level 1.4 Transmutations
 + Level 9.4 Earth Magic


You had 3 spell levels left.
You knew the following spells:

 Your Spells              Type           Power        Failure   Level
a - Sandblast             Erth           96%          1%          1
b - Passwall              Tmut/Erth      26%          1%          2
c - Stone Arrow           Conj/Erth      58%          3%          3
d - Lee's Rapid Deconstr  Erth           24%          4%          5
e - Petrify               Tmut/Erth      32%          8%          4
f - Mephitic Cloud        Conj/Pois/Air  9%           22%         3

Your spell library contained the following spells:

 Spells                   Type           Power        Failure   Level
 Magic Dart               Conj           36%          8%          1
 Blink                    Tloc           N/A          11%         2
 Call Imp                 Summ           9%           11%         2
 Slow                     Hex            9%           11%         2
 Confusing Touch          Hex            9%           22%         3
 Conjure Flame            Conj/Fire      9%           22%         3
 Gell's Gravitas          Tloc           4%           22%         3
 Yara's Violent Unravell  Hex/Tmut       6%           83%         5
 Metabolic Englaciation   Hex/Ice        4%           90%         5


Dungeon Overview and Level Annotations

Branches:
Dungeon (1/1)

Altars:
Elyvilon
Kikubaaqudgha
Sif Muna
Vehumet
Zin
The Shining One


Innate Abilities, Weirdness & Mutations

You have a pair of small horns on your head.
You are partially covered in slimy green scales. (AC +2)
You possess an exceptional clarity of mind.
You are weak. (Str -2)
Your movements are slightly less encumbered by armour. (ER -2)


Message History

A stone wall.
You miscast Lee's Rapid Deconstruction.
You are very lightly contaminated with residual magic.
Nothing appears to happen.
The deep elf mage completely misses you.
Unknown command.
Unknown command.
Casting: Lee's Rapid Deconstruction (extremely dangerous; 4% risk of failure)
Confirm with . or Enter, or press ? or * to list all spells.
The spell is extremely dangerous to cast (4% risk of failure)!
Continue anyway?
Aiming: Lee's Rapid Deconstruction (extremely dangerous; 4% risk of failure)
Press: ? - help, Dir - move target A stone wall.
The wall shatters!
The blast of rock fragments hits the deep elf mage!
The deep elf mage is almost dead.
The deep elf mage casts a spell at you. The bolt of magma hits you!!
Ouch! That really hurt!
You die...

▓▓▓▓▓▓ ▓▓▓ '....♣♣♣
♣.#### #......♣ ♣.#___
#.....♣♣ ♣.#!..
#....≈♣♣♣♣♣.###e#+###+##
#...≈≈...♣..#...@......#
#..≈≈≈≈.♣.♣.'.⌠........#
#..≈≈≈≈≈≈...#...######+#
#.≈≈≈≈≈≈....#.⌠.#
#.≈≈≈≈≈.....#...#
#.≈≈≈.......#[###
#...........#.).#
............#___#
▓▓▓▓▓▓▓▓▓▓▓▓▓▓▓▓▓


You could see a deep elf mage.

Vanquished Creatures
  A water elemental (D)
  A scorpion (D)
  A wizard (D)
  A human (D)
  A kobold demonologist (D)
  2 oozes (D)
  2 rats (D)
9 creatures vanquished.

Notes
Turn   | Place    | Note
-------+----------+-------------------------------------------
     0 | D        | mhtbhm the Deep Elf Earth Elementalist began the quest for
                  | the Orb.
     0 | D        | Reached XP level 1. HP: 10/10 MP: 6/6
     5 | D        | Reached skill level 4 in Earth Magic
    36 | D        | Reached XP level 2. HP: 15/15 MP: 3/9
    96 | D        | Reached skill level 5 in Earth Magic
   158 | D        | Reached skill level 5 in Spellcasting
   158 | D        | Reached XP level 3. HP: 15/19 MP: 4/11
   161 | D        | Learned a level 2 spell: Passwall
   165 | D        | Learned a level 3 spell: Stone Arrow
   213 | D        | Noticed a scorpion
   220 | D        | Killed a scorpion
   221 | D        | Reached skill level 7 in Earth Magic
   221 | D        | Reached XP level 4. HP: 24/24 MP: 7/14
   248 | D        | Gained mutation: Scrolls take you a little longer to read.
                  | [potion of mutation]
   248 | D        | Gained mutation: You have a somewhat thin skeletal
                  | structure. (Dex +2, Stealth) [potion of mutation]
   248 | D        | Gained mutation: Scrolls take you longer to read. [potion
                  | of mutation]
   248 | D        | Gained mutation: Your mind is acute. (Int +2) [potion of
                  | mutation]
   250 | D        | Lost mutation: Your mind is acute. (Int +2) [potion of
                  | mutation]
   250 | D        | Gained mutation: You possess an exceptional clarity of
                  | mind. [potion of mutation]
   251 | D        | Lost mutation: Scrolls take you longer to read. [potion of
                  | mutation]
   251 | D        | Lost mutation: You possess an exceptional clarity of mind.
                  | [potion of mutation]
   251 | D        | Gained mutation: You can translocate small distances at
                  | will. [potion of mutation]
   251 | D        | Gained mutation: You are agile. (Dex +2) [potion of
                  | mutation]
   251 | D        | Gained mutation: You are partially covered in iridescent
                  | scales. (AC +2) [potion of mutation]
   252 | D        | Lost mutation: Scrolls take you a little longer to read.
                  | [potion of mutation]
   252 | D        | Lost mutation: You are partially covered in iridescent
                  | scales. (AC +2) [potion of mutation]
   252 | D        | Gained mutation: You are partially covered in slimy green
                  | scales. (AC +2) [potion of mutation]
   252 | D        | Gained mutation: You expend magic power (3 MP) to
                  | strengthen your wands. [potion of mutation]
   252 | D        | Gained mutation: You are very agile. (Dex +4) [potion of
                  | mutation]
   253 | D        | Lost mutation: You can translocate small distances at will.
                  | [potion of mutation]
   253 | D        | Lost mutation: You have a somewhat thin skeletal structure.
                  | (Dex +2, Stealth) [potion of mutation]
   253 | D        | Lost mutation: You expend magic power (3 MP) to strengthen
                  | your wands. [potion of mutation]
   253 | D        | Lost mutation: You are very agile. (Dex +4) [potion of
                  | mutation]
   253 | D        | Gained mutation: Your movements are slightly less
                  | encumbered by armour. (ER -2) [potion of mutation]
   253 | D        | Gained mutation: You tend to lose your temper in combat.
                  | [potion of mutation]
   253 | D        | Gained mutation: You are very agile. (Dex +4) [potion of
                  | mutation]
   254 | D        | Lost mutation: You tend to lose your temper in combat.
                  | [potion of mutation]
   254 | D        | Lost mutation: You are very agile. (Dex +4) [potion of
                  | mutation]
   254 | D        | Lost mutation: You are agile. (Dex +2) [potion of mutation]
   254 | D        | Gained mutation: You possess an exceptional clarity of
                  | mind. [potion of mutation]
   254 | D        | Gained mutation: You are weak. (Str -2) [potion of
                  | mutation]
   254 | D        | Gained mutation: You have a pair of small horns on your
                  | head. [potion of mutation]
   371 | D        | Noticed a water elemental
   373 | D        | Killed a water elemental
   374 | D        | Reached skill level 8 in Earth Magic
   436 | D        | Found a radiant altar of Vehumet.
   436 | D        | Found a shimmering blue altar of Sif Muna.
   436 | D        | Found an ancient bone altar of Kikubaaqudgha.
   436 | D        | Noticed a wizard
   437 | D        | Killed a wizard
   438 | D        | Reached skill level 9 in Earth Magic
   438 | D        | Reached XP level 5. HP: 28/28 MP: 14/17
   442 | D        | Noticed a rust devil
   481 | D        | Became a worshipper of Vehumet
   499 | D        | Learned a level 5 spell: Lee's Rapid Deconstruction
   504 | D        | Learned a level 4 spell: Petrify
   508 | D        | Learned a level 3 spell: Mephitic Cloud
   513 | D        | Found a glowing silver altar of Zin.
   513 | D        | Found a glowing golden altar of the Shining One.
   513 | D        | Found a white marble altar of Elyvilon.
   513 | D        | Noticed a deep elf mage
   516 | D        | Killed from afar by a deep elf mage

Illustrated notes

Levels and vault maps discovered:
D:        dungeon_sprint_mu [sprint_mu_entry_forest, sprint_mu_temple_rooms,
          sprint_mu_d1_horrors, sprint_mu_d2_genie, sprint_mu_d3_branching,
          sprint_mu_orc_legion, sprint_mu_elf_gauntlet, sprint_mu_hive_nellie,
          sprint_mu_lair_fedhas, sprint_mu_vaults_butterflies,
          sprint_mu_slime_circle, sprint_mu_shoals_archi,
          sprint_mu_snake_twists, sprint_mu_blade_basic,
          sprint_mu_crypt_fortress, sprint_mu_tomb_spiral,
          sprint_mu_vestibule_basic, sprint_mu_gehenna_hellfire,
          sprint_mu_dis_giant, sprint_mu_tartarus_statrot,
          sprint_mu_cocytus_islands, sprint_mu_zot1]

Skill      XL: |  1  2  3  4 |
---------------+-------------+-----
Earth Magic    | 4 5 7 9 |  9.4
Spellcasting   | 4 5 6 8 |  8.8
Dodging        | 3 4 |  4.2
Stealth        | 3 4 |  4.3
Transmutations | |  1.4

Action                   |  1- 3 |  4- 6 || total
-------------------------+-------+-------++-------
 Cast: Sandblast         |    17 |     8 ||    25
       Lee's Rapid Decon |       |     2 ||     2
  Use: Potion            |       |     6 ||     6
Dodge: Dodged            |     1 |     2 ||     3

Table legend: (Time is in decaauts)
 A = Elapsed time spent in this place.
 B = Non-inter-level travel time spent in this place.
 C = Inter-level travel time spent in this place.
 D = Time resting spent in this place.
 E = Time spent auto-exploring this place.
 F = Levels seen in this place.
 G = Mean time per level.
                   A        B        C        D        E       F      G
               +--------+--------+--------+--------+--------+-----+--------+
         Total |    517 |    517 |      0 |    343 |      1 |   1 |  517.0 |
       Dungeon |    517 |    517 |      0 |    343 |      1 |   1 |  517.0 |
               +--------+--------+--------+--------+--------+-----+--------+

Top non-repeatable levels by time:
       D: 517 daAuts
